 Dungeon Crawl Stone Soup version 0.28-a0-948-gee6e0bcda6 (webtiles) character file.

Game seed: 16431060336780092603

2396 Gargoyl the Skirmisher (level 9, -1/74 HPs)
             Began as a Gnoll Abyssal Knight on Nov 30, 2021.
             Was a Priest of Lugonu.
             Slain by an orc (4 damage)
             ... on level 8 of the Dungeon.
             The game lasted 00:08:53 (9273 turns).

Gargoyl the Skirmisher (Gnoll Abyssal Knight)       Turns: 9273, Time: 00:08:55

Health: -1/74      AC: 19    Str: 17    XL:     9   Next: 46%
Magic:  11/15      EV: 11    Int: 10    God:    Lugonu [***...]
Gold:   412        SH:  0    Dex: 13    Spells: 16/16 levels left

rFire   . . .      SeeInvis .   d - +9 hand axe of Extinguishment {freeze, Str+2}
rCold   . . .      Faith    .   (no shield)
rNeg    . . .      Spirit   .   k - +0 plate armour
rPois   .          Reflect  .   j - +2 helmet
rElec   .          Harm     .   p - +2 cloak
rCorr   .          Rampage  .   (no gloves)
Will    .....                   (no boots)
Stlth   ..........              (no amulet)
HPRegen 0.22/turn               c - +4 ring of evasion
MPRegen 0.14/turn               (no ring)

@: no status effects
A: fangs 1, strong nose, distributed training
a: Renounce Religion, Depart the Abyss, Bend Space, Banish


You were on level 8 of the Dungeon.
You worshipped Lugonu.
Lugonu was most pleased with you.
You visited 1 branch of the dungeon, and saw 8 of its levels.
You visited the Abyss 1 time.

You collected 412 gold pieces.

Inventory:

Hand Weapons
 a - a +1 hand axe
 d - the +9 hand axe of Extinguishment (weapon) {freeze, Str+2}
   (You acquired it on level 4 of the Dungeon)

   It freezes those it strikes, dealing additional cold damage.
   It can also slow down cold-blooded creatures.
   Str:       It affects your strength (+2).
Missiles
 f - 51 poisoned darts (quivered)
 g - a throwing net
Armour
 j - a +2 helmet (worn)
 k - a +0 plate armour (worn)
 p - a +2 cloak (worn)
Jewellery
 c - a +4 ring of evasion (left hand)
Wands
 l - a wand of acid (4)
Scrolls
 q - a scroll of enchant armour
 s - a scroll of teleportation
Potions
 b - a potion of mutation {unknown}
 e - 2 potions of haste
 i - 2 potions of flight {unknown}
 m - 2 potions of resistance {unknown}
 n - a potion of lignification {unknown}
 o - a potion of heal wounds {unknown}
 r - a potion of berserk rage {unknown}


   Skills:
 + Level 7.9 Fighting
 + Level 4.2 Short Blades
 + Level 4.2 Long Blades
 + Level 6.3 Axes
 + Level 4.2 Maces & Flails
 + Level 4.2 Polearms
 + Level 4.2 Staves
 + Level 4.2 Slings
 + Level 4.2 Bows
 + Level 4.2 Crossbows
 + Level 4.2 Throwing
 + Level 6.3 Armour
 + Level 5.0 Dodging
 + Level 4.2 Stealth
 + Level 4.2 Shields
 + Level 4.2 Unarmed Combat
 + Level 4.2 Spellcasting
 + Level 3.5 Conjurations
 + Level 3.5 Hexes
 + Level 3.5 Summonings
 + Level 3.5 Necromancy
 + Level 3.5 Translocations
 + Level 3.5 Transmutations
 + Level 3.5 Fire Magic
 + Level 3.5 Ice Magic
 + Level 3.5 Air Magic
 + Level 3.5 Earth Magic
 + Level 3.5 Poison Magic
 + Level 6.6 Invocations
 + Level 4.2 Evocations


You had 16 spell levels left.
You didn't know any spells.
Your spell library was empty.

Dungeon Overview and Level Annotations

Branches:
Dungeon (8/15)             Temple (0/1) D:4
   Lair: D:8-11

Altars:
Gozag
Uskayaw


Innate Abilities, Weirdness & Mutations

You have very sharp teeth.
Your uncanny sense of smell can sniff out nearby items.
Your experience applies equally to all skills.


Message History

The orc barely misses you.
You hit the orc warrior but do no damage.
You bite the orc warrior, but do no damage.
The orc warrior is lightly wounded.
You hit the orc but do no damage. The orc warrior closely misses you.
The orc priest invokes the aid of Beogh against you.
Beogh smites you!
The orc hits you with a +1 mace of protection.
You barely miss the orc warrior. Your punch misses the orc warrior.
Your bite misses the orc warrior.
The orc warrior is lightly wounded.
You barely miss the orc.
The orc warrior hits you with a +0 trident!
* * * LOW HITPOINT WARNING * * *
The orc priest calls upon Beogh to heal the orc warrior.
The orc warrior's wounds heal themselves!
The orc hits you with a +1 mace of protection.
* * * LOW HITPOINT WARNING * * *
You feel better.
The orc warrior hits you with a +0 trident.
* * * LOW HITPOINT WARNING * * *
The orc hits you with a +1 mace of protection.
* * * LOW HITPOINT WARNING * * *
Press: ? - help, Shift-Dir - straight line, f - orc priest
Aim: an orc priest, wielding a +0 club and wearing a +0 leather armour (chance to affect: 84%)
The orc priest is devoured by a tear in reality.
Lugonu claims a new guest.
You can now corrupt the fabric of space.
You can no longer corrupt the fabric of space.
The orc warrior hits you with a +0 trident!
* * * LOW HITPOINT WARNING * * *
The orc hits you but does no damage.
Unknown command.
Press: ? - help, Shift-Dir - straight line, f - orc warrior
Aim: an orc warrior, wielding a +0 trident and wearing a +0 plate armour (translocational energy, chance to affect: 84%)
You fail to use your ability.
The orc warrior hits you with a +0 trident.
* * * LOW HITPOINT WARNING * * *
The orc hits you with a +1 mace of protection.
You die...

.### # ≈ §§ 8.≈ o# .. .#
#########.####
###+###.###....oo†§.....
...........).)..@§..#
.......####.#######.#
..........)..#
###.[........#
#..........# #
#..........# #
#..........# ∆ #
#....).....# #
#..........#


You could see an orc warrior and an orc.

Vanquished Creatures
  A steam dragon (D:8)
  A water moccasin (D:6)
  An orc warrior (D:8)
  2 ogres
  A centaur (D:7)
  A phantom (D:4)
  A bullfrog (D:8)
  A kobold brigand (D:8)
  4 scorpions
  A wyvern zombie (D:6)
  2 water moccasin skeletons
  7 wights
  A centaur zombie (D:5)
  3 hounds (D:5)
  6 orc priests
  Crazy Yiuf (D:4)
  3 iguanas
  5 orc wizards
  A killer bee zombie (D:6)
  A hound zombie (D:5)
  Robin (D:4)
  6 gnolls
  11 adders
  2 white imps
  3 ufetubi
  3 adder skeletons
  A worm (D:2)
  4 dart slugs
  31 orcs
  8 ball pythons
  4 bats
  7 endoplasms
  7 hobgoblins
  9 kobolds
  2 quokkas
  15 goblins
  7 rats
165 creatures vanquished.

Vanquished Creatures (others)
  6 fungi
6 creatures vanquished.

Grand Total: 171 creatures vanquished

Notes
Turn   | Place    | Note
-------+----------+-------------------------------------------
     0 | Abyss:1  | Gargoyl the Gnoll Abyssal Knight began the quest for the
                  | Orb.
     0 | Abyss:1  | Reached XP level 1. HP: 23/23 MP: 3/3
    69 | Abyss:2  | Noticed a raiju
    99 | Abyss:3  | Noticed a raiju
   129 | Abyss:3  | Noticed a thrashing horror
   129 | Abyss:3  | Noticed a thrashing horror
   130 | D:1      | Escaped the Abyss
   391 | D:1      | Reached XP level 2. HP: 29/29 MP: 5/5
   514 | D:1      | Found a faded altar of an unknown god.
  1024 | D:2      | Reached * piety under Lugonu
  1039 | D:2      | Reached XP level 3. HP: 26/35 MP: 6/6
  1623 | D:2      | Reached skill level 1 in Short Blades
  1623 | D:2      | Reached skill level 1 in Long Blades
  1623 | D:2      | Reached skill level 1 in Maces & Flails
  1623 | D:2      | Reached skill level 1 in Polearms
  1623 | D:2      | Reached skill level 1 in Staves
  1623 | D:2      | Reached skill level 1 in Slings
  1623 | D:2      | Reached skill level 1 in Bows
  1623 | D:2      | Reached skill level 1 in Crossbows
  1623 | D:2      | Reached skill level 1 in Throwing
  1623 | D:2      | Reached skill level 1 in Stealth
  1623 | D:2      | Reached skill level 1 in Shields
  1623 | D:2      | Reached skill level 1 in Unarmed Combat
  1623 | D:2      | Reached skill level 1 in Spellcasting
  1623 | D:2      | Reached skill level 1 in Evocations
  1948 | D:3      | Reached XP level 4. HP: 32/41 MP: 7/7
  2378 | D:3      | Reached skill level 1 in Conjurations
  2378 | D:3      | Reached skill level 1 in Hexes
  2378 | D:3      | Reached skill level 1 in Summonings
  2378 | D:3      | Reached skill level 1 in Necromancy
  2378 | D:3      | Reached skill level 1 in Translocations
  2378 | D:3      | Reached skill level 1 in Transmutations
  2378 | D:3      | Reached skill level 1 in Fire Magic
  2378 | D:3      | Reached skill level 1 in Ice Magic
  2378 | D:3      | Reached skill level 1 in Air Magic
  2378 | D:3      | Reached skill level 1 in Earth Magic
  2378 | D:3      | Reached skill level 1 in Poison Magic
  3343 | D:4      | Identified the +0 helmet of a bazaar {-Tele Contam rN+++
                  | Int+7}
  3557 | D:4      | Reached XP level 5. HP: 28/47 MP: 8/8
  3567 | D:4      | Reached ** piety under Lugonu
  3816 | D:4      | Noticed a +0 dagger
  3820 | D:4      | Found a hide-covered altar of Uskayaw.
  3820 | D:4      | Noticed a +0 hand axe
  3862 | D:4      | Identified a scroll of acquirement
  3862 | D:4      | Acquired the +9 hand axe of Extinguishment {freeze, Str+2}
  3952 | D:4      | Found an opulent altar of Gozag.
  4028 | D:4      | Noticed Robin
  4050 | D:4      | Killed Robin
  4144 | D:4      | Found a staircase to the Ecumenical Temple.
  4318 | D:4      | Found a runed translucent door.
  4319 | D:4      | Noticed Crazy Yiuf
  4673 | D:4      | Noticed a phantom
  4688 | D:4      | Killed a phantom
  4689 | D:4      | Reached skill level 5 in Invocations
  4689 | D:4      | Reached XP level 6. HP: 36/53 MP: 9/9
  4860 | D:4      | Killed Crazy Yiuf
  4861 | D:4      | Reached skill level 5 in Axes
  4861 | D:4      | Reached skill level 5 in Armour
  5001 | D:5      | Entered Level 5 of the Dungeon
  5345 | D:5      | Found the +7 Singing Sword {vorpal, sonic wave}
  5347 | D:5      | Reached XP level 7. HP: 59/59 MP: 10/10
  5350 | D:5      | Reached skill level 7 in Fighting
  5591 | D:5      | Reached *** piety under Lugonu
  5810 | D:5      | Reached XP level 8. HP: 50/67 MP: 12/12
  7542 | D:7      | Reached XP level 9. HP: 54/72 MP: 14/14
  9255 | D:8      | Reached skill level 5 in Dodging
  9272 | D:8      | Reached **** piety under Lugonu
  9273 | D:8      | HP: 3/74 [orc warrior (2)]
  9273 | D:8      | Slain by an orc

Illustrated notes

Levels and vault maps discovered:
D:1:      psy_arrival_terrarium, layout_loops_cross,
          shapermc_ecumenical_altar_mp_ritualfount
D:2:      layout_basic
D:3:      layout_loops_corners
D:4:      layout_basic, grunt_gozag_breadcrumbs, dancing_weapons_uskayaw,
          minmay_temple_entry_crystal_x, uniq_crazy_yiuf_cottage, uniq_robin
D:5:      old_forge, layout_basic, palyth_stone_intersect
D:6:      layout_basic
D:7:      layout_layer_cave
D:8:      layout_basic, mainiacjoe_overflow_catwalk, kennysheep_mini, minitemple

Skill      XL: |  1  2  3  4  5  6  7  8  9 |
---------------+----------------------------+-----
Short Blades   | 1 2 3 4 |  4.2
Long Blades    | 1 2 3 4 |  4.2
Maces & Flails | 1 2 3 4 |  4.2
Polearms       | 1 2 3 4 |  4.2
Staves         | 1 2 3 4 |  4.2
Slings         | 1 2 3 4 |  4.2
Bows           | 1 2 3 4 |  4.2
Crossbows      | 1 2 3 4 |  4.2
Throwing       | 1 2 3 4 |  4.2
Stealth        | 1 2 3 4 |  4.2
Shields        | 1 2 3 4 |  4.2
Unarmed Combat | 1 2 3 4 |  4.2
Spellcasting   | 1 2 3 4 |  4.2
Evocations     | 1 2 3 4 |  4.2
Conjurations   | 1 2 3 |  3.5
Hexes          | 1 2 3 |  3.5
Summonings     | 1 2 3 |  3.5
Necromancy     | 1 2 3 |  3.5
Translocations | 1 2 3 |  3.5
Transmutations | 1 2 3 |  3.5
Fire Magic     | 1 2 3 |  3.5
Ice Magic      | 1 2 3 |  3.5
Air Magic      | 1 2 3 |  3.5
Earth Magic    | 1 2 3 |  3.5
Poison Magic   | 1 2 3 |  3.5
Dodging        | 3 4 5 |  5.0
Invocations    | 5 6 |  6.6
Axes           | 5 6 |  6.3
Armour         | 5 6 |  6.3
Fighting       | 7 |  7.9

Action                   |  1- 3 |  4- 6 |  7- 9 || total
-------------------------+-------+-------+-------++-------
Melee: Hand axe          |    79 |   181 |   187 ||   447
       Bite              |     6 |    19 |    24 ||    49
       Punch             |       |     2 |     2 ||     4
Throw: Dart              |       |     2 |       ||     2
Invok: Depart the Abyss  |     1 |       |       ||     1
       Bend Space        |       |     1 |       ||     1
       Banish            |       |       |     1 ||     1
  Use: Scroll            |     3 |     4 |     6 ||    13
       Potion            |       |       |     3 ||     3
 Stab: Sleeping          |     1 |     3 |       ||     4
Armor: Leather armour    |    22 |    14 |       ||    36
       Chain mail        |       |    17 |       ||    17
       Plate armour      |       |    44 |   129 ||   173
Dodge: Dodged            |    76 |   120 |   100 ||   296

Table legend: (Time is in decaauts)
 A = Elapsed time spent in this place.
 B = Non-inter-level travel time spent in this place.
 C = Inter-level travel time spent in this place.
 D = Time resting spent in this place.
 E = Time spent auto-exploring this place.
 F = Levels seen in this place.
 G = Mean time per level.
                   A        B        C        D        E       F      G
               +--------+--------+--------+--------+--------+-----+--------+
         Total |   9299 |   9019 |    280 |   1355 |   6219 |  11 |  845.4 |
       Dungeon |   9169 |   8889 |    280 |   1355 |   6138 |   8 | 1146.1 |
         Abyss |    129 |    129 |      0 |      0 |     81 |   3 |   43.0 |
               +--------+--------+--------+--------+--------+-----+--------+

Top non-repeatable levels by time:
     D:4: 1712 daAuts
     D:7: 1629 daAuts
     D:2: 1429 daAuts
     D:3: 1364 daAuts
     D:5: 1090 daAuts
     D:6: 713 daAuts
     D:1: 669 daAuts
     D:8: 560 daAuts
 Abyss:3: 54 daAuts
 Abyss:1: 38 daAuts
 Abyss:2: 37 daAuts
